Pick #1

Connor Bedard
Pick #2

Leo Carlsson
Pick #3

Adam Fantilli
Pick #4

Matvei Michkov
Pick #5

David Reinbacher
Pick #6

William Smith
Pick #7

Zachary Benson
Pick #8

Ryan Leonard
Pick #9

Gabriel Perreault
Pick #10

Axel Sandin-Pellika
Pick #11

Daniil But
Pick #12

Dalibor Dvorsky
Pick #13

Quentin Musty
Pick #14

Brayden Yager
Pick #15

Dmitry Simashev
Pick #16

Colby Barlow
Pick #17

Andrew Cristall
Pick #18

Easton Cowan
Pick #19

Jacob Fowler
Pick #20

Oliver Moore
Pick #21

Oliver Bonk
Pick #22

Tom Willander
Pick #23

Calum Ritchie
Pick #24

Tanner Molendyk
Pick #25

Gavin Brindley
Pick #26

Nate Danielson
Pick #27

Pick #28

Pick #29

Pick #30

Pick #31

Pick #32

Pick #33

Pick #34

Pick #35

Pick #36

Pick #37

Pick #38

Pick #39

Pick #40

Pick #41

Pick #42

Pick #43

Pick #44

Pick #45

Pick #46

Pick #47

Pick #48

Pick #49

Pick #50

Pick #51

Pick #52

Pick #53

Pick #54

Pick #55

Pick #56

Pick #57

Pick #58

Pick #59

Pick #60

Pick #61

Pick #62

Pick #63

Pick #64

Pick #65

Pick #66

Pick #67

Pick #68

Pick #69

Pick #70

Pick #71

Pick #72

Pick #73

Pick #74

Pick #75

Pick #76

Pick #77

Pick #78

Pick #79

Pick #80

Pick #81

Pick #82

Pick #83

Pick #84

Pick #85

Pick #86

Pick #87

Pick #88

Pick #89

Pick #90

Pick #91

Pick #92

Pick #93

Pick #94

Pick #95

Pick #96

Pick #97

Pick #98

Pick #99

Pick #100

Pick #101

Pick #102

Pick #103

Pick #104

Pick #105

Pick #106

Pick #107

Pick #108

Pick #109

Pick #110

Pick #111

Pick #112

Pick #113

Pick #114

Pick #115

Pick #116

Pick #117

Pick #118

Pick #119

Pick #120

Pick #121

Pick #122

Pick #123

Pick #124

Pick #125

Pick #126

Pick #127

Pick #128

Pick #129

Pick #130

Full Scoreboard »»

Capitals vs Rangers

Created - October 18, 2023 at 19:58

Goals
1 2 3 T
Capitals 2 1 0 3
Rangers 1 4 0 5
Shots
1 2 3 T
Capitals 16 13 8 37
Rangers 7 11 7 25

GoalsPenalties
1st period
1. Rangers , Mario Ferraro 2 (Luke Kunin 1, Anthony Beauvillier 3) at 1:04
2. Capitals , Kaapo Kakko 1 (Elias Pettersson 1, Matias Maccelli 1) at 15:46 (PP)
3. Capitals , Pavel Zacha 1 (Jordan Greenway 1, Samuel Bolduc 1) at 17:10
Cody Ceci (WSH) for Slashing (Minor) at 7:54
Nick Perbix (NYR) for Delaying the game (Minor) at 10:34
Evgeny Svechnikov (NYR) for Goalie Interference (Minor) at 13:00
Mario Ferraro (NYR) for High sticking (Minor) at 15:36
2nd period
4. Rangers , Jesse Puljujarvi 1 (Casey Mittelstadt 2, Riley Stillman 1) at 4:03
5. Rangers , Kent Johnson 1 (Mario Ferraro 5) at 4:24
6. Capitals , Morgan Frost 1 (Jonas Siegenthaler 2, Pavel Zacha 1) at 8:22
7. Rangers , Casey Mittelstadt 2 (Mario Ferraro 6, Caleb Jones 3) at 15:24
8. Rangers , Artem Zub 2 (Jack Quinn 2) at 18:20 (PP)
Jonas Siegenthaler (WSH) for High sticking (Minor) at 17:12
Luke Kunin (NYR) for Holding (Minor) at 19:16
3rd period
No Goal
Quinton Byfield (WSH) for Roughing (Minor) at 3:51
Mario Ferraro (NYR) for Tripping (Minor) at 13:47
Riley Stillman (NYR) for Interference (Minor) at 15:49
Goalie Stats
Joonas Korpisalo (WSH), 11 saves from 16 shots - (0.688), L, 0-2-0, 38:20 minutes
Pyotr Kochetkov (WSH), 9 saves from 9 shots - (1.000), 21:40 minutes
Logan Thompson (NYR), 34 saves from 37 shots - (0.919), W, 1-1-1, 60:00 minutes
3 StarsOfficial
1 - Jesse Puljujarvi (NYR)
2 - Casey Mittelstadt (NYR)
3 - Mario Ferraro (NYR)
Referees : Francis Charron and Kendrick Nicholson
Linesman : Bryan Pancich and Justin Cornell
Game Note
Pyotr Kochetkov enters game at 18:20 of 2nd period
Finance
Level 1 -- Attendance: 4978 (76.58%) -- Ticket Income $672,030
Level 2 -- Attendance: 4295 (85.90%) -- Ticket Income $408,025
Level 3 -- Attendance: 3008 (85.94%) -- Ticket Income $225,600
Level 4 -- Attendance: 2006 (100.00%) -- Ticket Income $100,300
Luxury Box -- Attendance: 909 (90.90%) -- Ticket Income $204,525
Game was played at the Madison Square Garden.
Total Attendance: 15196 (84.39%)
Total Ticket Income: $1,610,480
Other Income: $402,620
Total Income: $2,013,100



Team Name Goals Shots Shots Attemp Shots Blocked PIM HIT PP PK FO%
Capitals 3375646261 / 6 (17%)152%
Rangers 52551212191 / 3 (33%)148%

Capitals
Player Name POS G A P +/- PIM HIT SHT SB MP PP MP PP SHT PK MP PK SHT FO% FOT
Ben HuttonD0001012221:295:1822:1000% 0
Calen AddisonD000-2010114:240:0001:3600% 0
Christian FischerRW000-1001011:020:0000:0000% 2
Cody CeciD000-1250024:364:4701:5000% 0
David KampfC000000004:100:0000:00050% 4
Elias PetterssonC011-1037025:265:3022:44061% 38
Jonas SiegenthalerD0111222020:255:1811:0700% 0
Jordan GreenwayLW0110024019:224:3512:2200% 2
Kaapo KakkoRW101-1034022:425:3020:00050% 2
Kevin LabancRW000001008:454:3500:0000% 1
Matias MaccelliLW011-1002025:265:3022:44033% 3
Michael RasmussenC000-1021011:020:0000:00035% 17
Morgan FrostC1010003112:250:0000:0000% 0
Noah DobsonD000-1012026:164:4723:2900% 0
Pavel ZachaC1120025019:224:3512:22063% 24
Quinton ByfieldC000-1234015:110:0000:0000% 0
Samuel BolducD011-2000012:480:0000:0000% 0
Tyler JohnsonC000000000:000:0000:0000% 0
Rangers
Player Name POS G A P +/- PIM HIT SHT SB MP PP MP PP SHT PK MP PK SHT FO% FOT
Adam ErneLW0001001010:340:0001:130100% 1
Anthony BeauvillierLW0110012021:412:5506:2800% 1
Artem ZubD101-1004124:472:1835:4400% 0
Caleb JonesD0112011123:132:4804:2100% 0
Casey MittelstadtC1122004025:102:5516:16148% 42
Eric RobinsonLW0002003021:272:1103:17050% 4
Evgeny SvechnikovLW000-120007:100:0000:0000% 0
Jack QuinnRW0110000014:292:1100:0000% 1
Jesse PuljujarviRW1012072018:542:5500:00033% 3
Kent JohnsonC101100209:210:0000:00067% 15
Logan BrownC000-100007:110:0000:00044% 9
Luke KuninC0110220017:242:1102:56041% 17
Mario FerraroD1232404022:132:4823:2300% 0
Martin FehervaryD000-1040024:472:1805:4400% 0
Nick PerbixD0001201012:570:0000:5800% 0
Riley StillmanD0111240011:590:0000:0000% 0
Ryan LombergLW000-100107:110:0000:0000% 0
Ryan ReavesRW000100009:210:0000:0000% 0



Play-by-Play

1st period


0:01 of 1st period - Elias Pettersson wins face-off versus Eric Robinson in neutral zone.
0:13 of 1st period - Shot by Kaapo Kakko.
0:13 of 1st period - Stopped by Logan Thompson without a rebound.
0:14 of 1st period - Pavel Zacha wins face-off versus Luke Kunin in Rangers zone.
0:17 of 1st period - Shot by Pavel Zacha.
0:17 of 1st period - Stopped by Logan Thompson without a rebound.
0:18 of 1st period - Michael Rasmussen wins face-off versus Kent Johnson in Rangers zone.
0:37 of 1st period - Icing by Quinton Byfield.
0:38 of 1st period - Luke Kunin wins face-off versus Michael Rasmussen in Capitals zone.
1:04 of 1st period - Shot by Mario Ferraro.
1:04 of 1st period - Goal by Mario Ferraro - Capitals : 0 - Rangers : 1.
1:05 of 1st period - Pavel Zacha wins face-off versus Casey Mittelstadt in neutral zone.
1:14 of 1st period - Shot by Pavel Zacha.
1:14 of 1st period - Shot Misses the Net.
1:35 of 1st period - Shot by Pavel Zacha.
1:35 of 1st period - Shot Misses the Net.
1:49 of 1st period - Shot by Eric Robinson.
1:49 of 1st period - Stopped by Joonas Korpisalo without a rebound.
1:50 of 1st period - Elias Pettersson wins face-off versus Logan Brown in Capitals zone.
2:01 of 1st period - Shot by Elias Pettersson.
2:01 of 1st period - Shot Hit the Post.
2:24 of 1st period - Icing by Caleb Jones.
2:25 of 1st period - Logan Brown wins face-off versus Michael Rasmussen in Rangers zone.
2:27 of 1st period - Icing by Caleb Jones.
2:28 of 1st period - David Kampf wins face-off versus Logan Brown in Rangers zone.
4:21 of 1st period - Icing by Eric Robinson.
4:22 of 1st period - Pavel Zacha wins face-off versus Casey Mittelstadt in Rangers zone.
5:34 of 1st period - Shot by Adam Erne.
5:34 of 1st period - Stopped by Joonas Korpisalo without a rebound.
5:35 of 1st period - Luke Kunin wins face-off versus Kaapo Kakko in Capitals zone.
6:19 of 1st period - Shot by Elias Pettersson.
6:19 of 1st period - Stopped by Logan Thompson without a rebound.
6:20 of 1st period - Jesse Puljujarvi wins face-off versus Christian Fischer in Rangers zone.
6:42 of 1st period - Shot by Quinton Byfield.
6:42 of 1st period - Shot Misses the Net.
6:44 of 1st period - Shot by Jonas Siegenthaler.
6:44 of 1st period - Stopped by Logan Thompson with a rebound.
6:50 of 1st period - Shot by Quinton Byfield.
6:50 of 1st period - Stopped by Logan Thompson with a rebound.
7:02 of 1st period - Jonas Siegenthaler is hit by Jesse Puljujarvi and loses puck.
7:14 of 1st period - Icing by Casey Mittelstadt.
7:15 of 1st period - Pavel Zacha wins face-off versus Jesse Puljujarvi in Rangers zone.
7:22 of 1st period - Shot by Pavel Zacha.
7:22 of 1st period - Stopped by Logan Thompson without a rebound.
7:23 of 1st period - Kent Johnson wins face-off versus Elias Pettersson in Rangers zone.
7:23 of 1st period - Kent Johnson is hit by Elias Pettersson.
7:29 of 1st period - Shot by Elias Pettersson.
7:29 of 1st period - Stopped by Logan Thompson without a rebound.
7:30 of 1st period - Kent Johnson wins face-off versus Elias Pettersson in Rangers zone.
7:34 of 1st period - Off-side.
7:35 of 1st period - Elias Pettersson wins face-off versus Kent Johnson in neutral zone.
7:54 of 1st period - Minor Penalty to Cody Ceci for Slashing.
7:55 of 1st period - Elias Pettersson wins face-off versus Jesse Puljujarvi in Capitals zone.
8:08 of 1st period - Shot by Casey Mittelstadt.
8:08 of 1st period - Stopped by Joonas Korpisalo without a rebound.
8:09 of 1st period - Elias Pettersson wins face-off versus Luke Kunin in Capitals zone.
8:18 of 1st period - Shot by Mario Ferraro.
8:18 of 1st period - Stopped by Joonas Korpisalo without a rebound.
8:19 of 1st period - Casey Mittelstadt wins face-off versus Elias Pettersson in Capitals zone.
8:20 of 1st period - Shot by Artem Zub.
8:20 of 1st period - Deflect By Casey Mittelstadt.
8:20 of 1st period - Shot Misses the Net.
10:07 of 1st period - Shot by Michael Rasmussen.
10:07 of 1st period - Deflect By Quinton Byfield.
10:07 of 1st period - Stopped by Logan Thompson without a rebound.
10:08 of 1st period - Elias Pettersson wins face-off versus Logan Brown in Rangers zone.
10:34 of 1st period - Minor Penalty to Nick Perbix for Delaying the game.
10:35 of 1st period - Casey Mittelstadt wins face-off versus Elias Pettersson in Rangers zone.
11:30 of 1st period - Shot by Luke Kunin.
11:30 of 1st period - Shot Misses the Net.
11:32 of 1st period - Shot by Luke Kunin.
11:32 of 1st period - Shot Misses the Net.
11:43 of 1st period - Luke Kunin is hit by Ben Hutton and loses puck.
11:49 of 1st period - Eric Robinson is hit by Jonas Siegenthaler and loses puck.
12:07 of 1st period - Icing by Kevin Labanc.
12:08 of 1st period - Casey Mittelstadt wins face-off versus Pavel Zacha in Capitals zone.
12:08 of 1st period - Casey Mittelstadt is hit by Jonas Siegenthaler.
12:50 of 1st period - Shot by Quinton Byfield.
12:50 of 1st period - Stopped by Logan Thompson without a rebound.
12:51 of 1st period - Logan Brown wins face-off versus Elias Pettersson in Rangers zone.
13:00 of 1st period - Minor Penalty to Evgeny Svechnikov for Goalie Interference.
13:01 of 1st period - Elias Pettersson wins face-off versus Casey Mittelstadt in Rangers zone.
13:01 of 1st period - Noah Dobson is hit by Martin Fehervary and loses puck.
13:40 of 1st period - Shot by Kaapo Kakko.
13:40 of 1st period - Stopped by Logan Thompson without a rebound.
13:41 of 1st period - Casey Mittelstadt wins face-off versus Pavel Zacha in Rangers zone.
13:52 of 1st period - Shot by Casey Mittelstadt.
13:52 of 1st period - Stopped by Joonas Korpisalo without a rebound.
13:53 of 1st period - Elias Pettersson wins face-off versus Casey Mittelstadt in Capitals zone.
13:55 of 1st period - Icing by Ben Hutton.
13:56 of 1st period - Casey Mittelstadt wins face-off versus Elias Pettersson in Capitals zone.
14:18 of 1st period - Icing by Jonas Siegenthaler.
14:19 of 1st period - Luke Kunin wins face-off versus Elias Pettersson in Capitals zone.
14:42 of 1st period - Shot by Elias Pettersson.
14:42 of 1st period - Stopped by Logan Thompson without a rebound.
14:43 of 1st period - Casey Mittelstadt wins face-off versus Pavel Zacha in Rangers zone.
15:08 of 1st period - Shot by Quinton Byfield.
15:08 of 1st period - Stopped by Logan Thompson without a rebound.
15:09 of 1st period - Kent Johnson wins face-off versus Michael Rasmussen in Rangers zone.
15:23 of 1st period - Kent Johnson is hit by Noah Dobson.
15:36 of 1st period - Minor Penalty to Mario Ferraro for High sticking.
15:37 of 1st period - Elias Pettersson wins face-off versus Casey Mittelstadt in Rangers zone.
15:40 of 1st period - Shot by Matias Maccelli.
15:40 of 1st period - Stopped by Logan Thompson with a rebound.
15:42 of 1st period - Shot by Jonas Siegenthaler.
15:42 of 1st period - Stopped by Logan Thompson without a rebound.
15:43 of 1st period - Matias Maccelli wins face-off versus Casey Mittelstadt in Rangers zone.
15:46 of 1st period - Shot by Kaapo Kakko.
15:46 of 1st period - Goal by Kaapo Kakko - Capitals : 1 - Rangers : 1.
15:47 of 1st period - Casey Mittelstadt wins face-off versus Matias Maccelli in neutral zone.
16:30 of 1st period - Icing by Cody Ceci.
16:31 of 1st period - Luke Kunin wins face-off versus Elias Pettersson in Capitals zone.
17:10 of 1st period - Shot by Pavel Zacha.
17:10 of 1st period - Goal by Pavel Zacha - Capitals : 2 - Rangers : 1.
17:11 of 1st period - Kent Johnson wins face-off versus Christian Fischer in neutral zone.
17:20 of 1st period - Shot by Ryan Reaves.
17:20 of 1st period - Deflect By Kent Johnson.
17:20 of 1st period - Shot Blocked by Ben Hutton.
17:23 of 1st period - Icing by Jonas Siegenthaler.
17:24 of 1st period - Michael Rasmussen wins face-off versus Casey Mittelstadt in Capitals zone.
17:26 of 1st period - Icing by Jonas Siegenthaler.
17:27 of 1st period - Casey Mittelstadt wins face-off versus Michael Rasmussen in Capitals zone.
17:40 of 1st period - Shot by Jesse Puljujarvi.
17:40 of 1st period - Deflect By Casey Mittelstadt.
17:40 of 1st period - Shot Misses the Net.
17:57 of 1st period - Off-side.
17:58 of 1st period - Elias Pettersson wins face-off versus Luke Kunin in neutral zone.
17:58 of 1st period - Elias Pettersson is hit by Luke Kunin.
18:08 of 1st period - Shot by Matias Maccelli.
18:08 of 1st period - Shot Misses the Net.
18:10 of 1st period - Shot by Elias Pettersson.
18:10 of 1st period - Shot Misses the Net.
18:16 of 1st period - Shot by Kaapo Kakko.
18:16 of 1st period - Shot Misses the Net.
18:22 of 1st period - Shot by Matias Maccelli.
18:22 of 1st period - Shot Misses the Net.
18:28 of 1st period - Shot by Mario Ferraro.
18:28 of 1st period - Shot Misses the Net.
18:30 of 1st period - Shot by Mario Ferraro.
18:30 of 1st period - Shot Misses the Net.
19:22 of 1st period - Pavel Zacha is hit by Jesse Puljujarvi.
19:23 of 1st period - Icing by Pavel Zacha.
19:24 of 1st period - Casey Mittelstadt wins face-off versus Jordan Greenway in Capitals zone.
19:27 of 1st period - Shot by Jesse Puljujarvi.
19:27 of 1st period - Stopped by Joonas Korpisalo without a rebound.
19:28 of 1st period - Michael Rasmussen wins face-off versus Casey Mittelstadt in Capitals zone.
19:28 of 1st period - Michael Rasmussen is hit by Jesse Puljujarvi.
Goals for this period are 2 for Capitals vs 1 for Rangers.
Shots for this period are 16 for Capitals vs 7 for Rangers.

2nd period


0:01 of 2nd period - Pavel Zacha wins face-off versus Casey Mittelstadt in neutral zone.
0:20 of 2nd period - Shot by Eric Robinson.
0:20 of 2nd period - Stopped by Joonas Korpisalo without a rebound.
0:21 of 2nd period - Elias Pettersson wins face-off versus Luke Kunin in Capitals zone.
0:31 of 2nd period - Shot by Kaapo Kakko.
0:31 of 2nd period - Stopped by Logan Thompson with a rebound.
0:33 of 2nd period - Shot by Elias Pettersson.
0:33 of 2nd period - Shot Misses the Net.
0:38 of 2nd period - Matias Maccelli is hit by Riley Stillman and loses puck.
2:43 of 2nd period - Shot by Mario Ferraro.
2:43 of 2nd period - Shot Misses the Net.
2:49 of 2nd period - Ryan Reaves is hit by Kevin Labanc and loses puck.
3:21 of 2nd period - Off-side.
3:22 of 2nd period - Elias Pettersson wins face-off versus Luke Kunin in neutral zone.
3:33 of 2nd period - Icing by Samuel Bolduc.
3:34 of 2nd period - Elias Pettersson wins face-off versus Casey Mittelstadt in Capitals zone.
4:03 of 2nd period - Shot by Jesse Puljujarvi.
4:03 of 2nd period - Goal by Jesse Puljujarvi - Capitals : 2 - Rangers : 2.
4:04 of 2nd period - Pavel Zacha wins face-off versus Luke Kunin in neutral zone.
4:07 of 2nd period - Artem Zub is hit by Jordan Greenway and loses puck.
4:17 of 2nd period - Icing by Noah Dobson.
4:18 of 2nd period - Kent Johnson wins face-off versus Pavel Zacha in Capitals zone.
4:18 of 2nd period - Kent Johnson is hit by Cody Ceci.
4:24 of 2nd period - Shot by Kent Johnson.
4:24 of 2nd period - Goal by Kent Johnson - Capitals : 2 - Rangers : 3.
4:25 of 2nd period - Elias Pettersson wins face-off versus Casey Mittelstadt in neutral zone.
4:25 of 2nd period - Kaapo Kakko is hit by Jesse Puljujarvi and loses puck.
4:44 of 2nd period - Kaapo Kakko is hit by Jesse Puljujarvi.
4:50 of 2nd period - Shot by Elias Pettersson.
4:50 of 2nd period - Stopped by Logan Thompson with a rebound.
5:02 of 2nd period - Shot by Eric Robinson.
5:02 of 2nd period - Shot Misses the Net.
5:04 of 2nd period - Shot by Eric Robinson.
5:04 of 2nd period - Shot Misses the Net.
5:06 of 2nd period - Shot by Eric Robinson.
5:06 of 2nd period - Deflect By Casey Mittelstadt.
5:06 of 2nd period - Stopped by Joonas Korpisalo without a rebound.
5:07 of 2nd period - Luke Kunin wins face-off versus Pavel Zacha in Capitals zone.
5:11 of 2nd period - Icing by Jonas Siegenthaler.
5:12 of 2nd period - Luke Kunin wins face-off versus Pavel Zacha in Capitals zone.
5:43 of 2nd period - Shot by Jack Quinn.
5:43 of 2nd period - Deflect By Anthony Beauvillier.
5:43 of 2nd period - Shot Blocked by Morgan Frost.
5:51 of 2nd period - Shot by Pavel Zacha.
5:51 of 2nd period - Stopped by Logan Thompson without a rebound.
5:52 of 2nd period - Casey Mittelstadt wins face-off versus Elias Pettersson in Rangers zone.
5:52 of 2nd period - Casey Mittelstadt is hit by Elias Pettersson.
6:49 of 2nd period - Kent Johnson is hit by Cody Ceci and loses puck.
7:37 of 2nd period - Anthony Beauvillier is hit by Cody Ceci and loses puck.
7:58 of 2nd period - Icing by Ben Hutton.
7:59 of 2nd period - Pavel Zacha wins face-off versus Logan Brown in Capitals zone.
8:22 of 2nd period - Shot by Morgan Frost.
8:22 of 2nd period - Goal by Morgan Frost - Capitals : 3 - Rangers : 3.
8:23 of 2nd period - Casey Mittelstadt wins face-off versus Michael Rasmussen in neutral zone.
8:32 of 2nd period - Shot by Jesse Puljujarvi.
8:32 of 2nd period - Shot Misses the Net.
8:34 of 2nd period - Shot by Eric Robinson.
8:34 of 2nd period - Shot Misses the Net.
8:36 of 2nd period - Shot by Mario Ferraro.
8:36 of 2nd period - Stopped by Joonas Korpisalo without a rebound.
8:37 of 2nd period - Pavel Zacha wins face-off versus Luke Kunin in Capitals zone.
9:16 of 2nd period - Shot by Morgan Frost.
9:16 of 2nd period - Stopped by Logan Thompson without a rebound.
9:17 of 2nd period - Michael Rasmussen wins face-off versus Casey Mittelstadt in Rangers zone.
9:38 of 2nd period - Shot by Christian Fischer.
9:38 of 2nd period - Stopped by Logan Thompson without a rebound.
9:39 of 2nd period - Kent Johnson wins face-off versus David Kampf in Rangers zone.
9:46 of 2nd period - Icing by David Kampf.
9:47 of 2nd period - David Kampf wins face-off versus Casey Mittelstadt in Capitals zone.
9:52 of 2nd period - Jesse Puljujarvi is hit by Quinton Byfield and loses puck.
10:45 of 2nd period - Anthony Beauvillier is hit by Kaapo Kakko and loses puck.
11:06 of 2nd period - Shot by Jack Quinn.
11:06 of 2nd period - Shot Misses the Net.
11:20 of 2nd period - Shot by Anthony Beauvillier.
11:20 of 2nd period - Stopped by Joonas Korpisalo without a rebound.
11:21 of 2nd period - Pavel Zacha wins face-off versus Kent Johnson in Capitals zone.
11:34 of 2nd period - Shot by Morgan Frost.
11:34 of 2nd period - Shot Misses the Net.
11:36 of 2nd period - Shot by Jordan Greenway.
11:36 of 2nd period - Deflect By Morgan Frost.
11:36 of 2nd period - Shot Misses the Net.
11:38 of 2nd period - Shot by Morgan Frost.
11:38 of 2nd period - Shot Misses the Net.
11:40 of 2nd period - Shot by Jordan Greenway.
11:40 of 2nd period - Stopped by Logan Thompson without a rebound.
11:41 of 2nd period - Logan Brown wins face-off versus David Kampf in Rangers zone.
11:57 of 2nd period - Logan Brown is hit by Quinton Byfield and loses puck.
12:42 of 2nd period - Shot by Jordan Greenway.
12:42 of 2nd period - Stopped by Logan Thompson without a rebound.
12:43 of 2nd period - Casey Mittelstadt wins face-off versus Elias Pettersson in Rangers zone.
13:03 of 2nd period - Elias Pettersson is hit by Caleb Jones and loses puck.
13:12 of 2nd period - Elias Pettersson is hit by Jesse Puljujarvi and loses puck.
14:11 of 2nd period - Shot by Morgan Frost.
14:11 of 2nd period - Stopped by Logan Thompson without a rebound.
14:12 of 2nd period - Kent Johnson wins face-off versus Michael Rasmussen in Rangers zone.
14:40 of 2nd period - Off-side.
14:41 of 2nd period - Elias Pettersson wins face-off versus Luke Kunin in neutral zone.
15:03 of 2nd period - Shot by Matias Maccelli.
15:03 of 2nd period - Deflect By Elias Pettersson.
15:03 of 2nd period - Stopped by Logan Thompson without a rebound.
15:04 of 2nd period - Pavel Zacha wins face-off versus Casey Mittelstadt in Rangers zone.
15:07 of 2nd period - Shot by Morgan Frost.
15:07 of 2nd period - Deflect By Jordan Greenway.
15:07 of 2nd period - Stopped by Logan Thompson without a rebound.
15:08 of 2nd period - Casey Mittelstadt wins face-off versus Jordan Greenway in Rangers zone.
15:08 of 2nd period - Casey Mittelstadt is hit by Pavel Zacha.
15:24 of 2nd period - Shot by Casey Mittelstadt.
15:24 of 2nd period - Goal by Casey Mittelstadt - Capitals : 3 - Rangers : 4.
15:25 of 2nd period - Elias Pettersson wins face-off versus Luke Kunin in neutral zone.
15:27 of 2nd period - Noah Dobson is hit by Martin Fehervary and loses puck.
15:32 of 2nd period - Shot by Elias Pettersson.
15:32 of 2nd period - Stopped by Logan Thompson without a rebound.
15:33 of 2nd period - Casey Mittelstadt wins face-off versus Matias Maccelli in Rangers zone.
17:05 of 2nd period - Shot by Anthony Beauvillier.
17:05 of 2nd period - Stopped by Joonas Korpisalo without a rebound.
17:06 of 2nd period - Kent Johnson wins face-off versus Michael Rasmussen in Capitals zone.
17:12 of 2nd period - Minor Penalty to Jonas Siegenthaler for High sticking.
17:13 of 2nd period - Elias Pettersson wins face-off versus Casey Mittelstadt in Capitals zone.
17:13 of 2nd period - Elias Pettersson is hit by Anthony Beauvillier.
17:37 of 2nd period - Icing by Caleb Jones.
17:38 of 2nd period - Elias Pettersson wins face-off versus Casey Mittelstadt in Rangers zone.
18:20 of 2nd period - Shot by Artem Zub.
18:20 of 2nd period - Goal by Artem Zub - Capitals : 3 - Rangers : 5.
18:20 of 2nd period - Pyotr Kochetkov enters game.
18:21 of 2nd period - Kent Johnson wins face-off versus Michael Rasmussen in neutral zone.
18:32 of 2nd period - Shot by Adam Erne.
18:32 of 2nd period - Shot Misses the Net.
18:34 of 2nd period - Shot by Nick Perbix.
18:34 of 2nd period - Stopped by Pyotr Kochetkov without a rebound.
18:35 of 2nd period - Logan Brown wins face-off versus Pavel Zacha in Capitals zone.
18:46 of 2nd period - Shot by Evgeny Svechnikov.
18:46 of 2nd period - Shot Misses the Net.
18:52 of 2nd period - Shot by Evgeny Svechnikov.
18:52 of 2nd period - Shot Misses the Net.
18:55 of 2nd period - Icing by Samuel Bolduc.
18:56 of 2nd period - Pavel Zacha wins face-off versus Casey Mittelstadt in Capitals zone.
18:58 of 2nd period - Icing by Calen Addison.
18:59 of 2nd period - Pavel Zacha wins face-off versus Casey Mittelstadt in Capitals zone.
19:04 of 2nd period - Eric Robinson is hit by Jordan Greenway and loses puck.
19:13 of 2nd period - Shot by Eric Robinson.
19:13 of 2nd period - Stopped by Pyotr Kochetkov without a rebound.
19:14 of 2nd period - Kaapo Kakko wins face-off versus Jack Quinn in Capitals zone.
19:16 of 2nd period - Minor Penalty to Luke Kunin for Holding.
19:17 of 2nd period - Elias Pettersson wins face-off versus Anthony Beauvillier in Rangers zone.
19:38 of 2nd period - Shot by Noah Dobson.
19:38 of 2nd period - Stopped by Logan Thompson without a rebound.
19:39 of 2nd period - Casey Mittelstadt wins face-off versus Kevin Labanc in Rangers zone.
Goals for this period are 1 for Capitals vs 4 for Rangers.
Shots for this period are 13 for Capitals vs 11 for Rangers.

3rd period


0:01 of 3rd period - Elias Pettersson wins face-off versus Casey Mittelstadt in neutral zone.
0:38 of 3rd period - Shot by Elias Pettersson.
0:38 of 3rd period - Deflect By Matias Maccelli.
0:38 of 3rd period - Stopped by Logan Thompson with a rebound.
0:57 of 3rd period - Icing by Jonas Siegenthaler.
0:58 of 3rd period - Adam Erne wins face-off versus Pavel Zacha in Capitals zone.
0:59 of 3rd period - Shot by Eric Robinson.
0:59 of 3rd period - Shot Misses the Net.
1:20 of 3rd period - Icing by Michael Rasmussen.
1:21 of 3rd period - Michael Rasmussen wins face-off versus Logan Brown in Capitals zone.
2:15 of 3rd period - Shot by Adam Erne.
2:15 of 3rd period - Shot Hit the Post.
2:17 of 3rd period - Shot by Artem Zub.
2:17 of 3rd period - Stopped by Pyotr Kochetkov without a rebound.
2:18 of 3rd period - Eric Robinson wins face-off versus Elias Pettersson in Capitals zone.
2:18 of 3rd period - Eric Robinson is hit by Cody Ceci.
2:20 of 3rd period - Shot by Caleb Jones.
2:20 of 3rd period - Shot Misses the Net.
2:22 of 3rd period - Shot by Casey Mittelstadt.
2:22 of 3rd period - Shot Misses the Net.
2:35 of 3rd period - Mario Ferraro is hit by Cody Ceci and loses puck.
2:58 of 3rd period - Casey Mittelstadt is hit by Kaapo Kakko and loses puck.
3:02 of 3rd period - Jesse Puljujarvi is hit by Elias Pettersson and loses puck.
3:15 of 3rd period - Luke Kunin is hit by Kaapo Kakko and loses puck.
3:33 of 3rd period - Jordan Greenway is hit by Martin Fehervary and loses puck.
3:37 of 3rd period - Morgan Frost is hit by Martin Fehervary and loses puck.
3:47 of 3rd period - Icing by Artem Zub.
3:48 of 3rd period - Luke Kunin wins face-off versus Michael Rasmussen in Rangers zone.
3:48 of 3rd period - Luke Kunin is hit by Michael Rasmussen.
3:51 of 3rd period - Minor Penalty to Quinton Byfield for Roughing.
3:52 of 3rd period - Casey Mittelstadt wins face-off versus Elias Pettersson in Capitals zone.
3:57 of 3rd period - Shot by Mario Ferraro.
3:57 of 3rd period - Stopped by Pyotr Kochetkov without a rebound.
3:58 of 3rd period - Eric Robinson wins face-off versus Elias Pettersson in Capitals zone.
4:05 of 3rd period - Shot by Eric Robinson.
4:05 of 3rd period - Shot Blocked by Ben Hutton.
4:07 of 3rd period - Shot by Artem Zub.
4:07 of 3rd period - Stopped by Pyotr Kochetkov without a rebound.
4:08 of 3rd period - Casey Mittelstadt wins face-off versus Elias Pettersson in Capitals zone.
4:44 of 3rd period - Cody Ceci is hit by Jesse Puljujarvi.
5:35 of 3rd period - Shot by Artem Zub.
5:35 of 3rd period - Stopped by Pyotr Kochetkov with a rebound.
5:37 of 3rd period - Shot by Eric Robinson.
5:37 of 3rd period - Shot Misses the Net.
5:58 of 3rd period - Off-side.
5:59 of 3rd period - Kent Johnson wins face-off versus Michael Rasmussen in neutral zone.
5:59 of 3rd period - Adam Erne is hit by Michael Rasmussen.
6:15 of 3rd period - Ryan Reaves is hit by Quinton Byfield and loses puck.
6:24 of 3rd period - Shot by Quinton Byfield.
6:24 of 3rd period - Shot Misses the Net.
8:30 of 3rd period - Icing by Cody Ceci.
8:31 of 3rd period - Pavel Zacha wins face-off versus Luke Kunin in Capitals zone.
8:31 of 3rd period - Jordan Greenway is hit by Luke Kunin and loses puck.
9:36 of 3rd period - Shot by Christian Fischer.
9:36 of 3rd period - Shot Blocked by Artem Zub.
9:38 of 3rd period - Shot by Michael Rasmussen.
9:38 of 3rd period - Stopped by Logan Thompson without a rebound.
9:39 of 3rd period - Casey Mittelstadt wins face-off versus Elias Pettersson in Rangers zone.
10:18 of 3rd period - Shot by Caleb Jones.
10:18 of 3rd period - Stopped by Pyotr Kochetkov with a rebound.
11:58 of 3rd period - Shot by Kent Johnson.
11:58 of 3rd period - Shot Misses the Net.
12:00 of 3rd period - Shot by Riley Stillman.
12:00 of 3rd period - Shot Misses the Net.
12:02 of 3rd period - Shot by Adam Erne.
12:02 of 3rd period - Deflect By Kent Johnson.
12:02 of 3rd period - Stopped by Pyotr Kochetkov with a rebound.
12:09 of 3rd period - Jonas Siegenthaler is hit by Riley Stillman.
12:16 of 3rd period - Icing by Nick Perbix.
12:17 of 3rd period - Elias Pettersson wins face-off versus Kent Johnson in Rangers zone.
12:17 of 3rd period - Samuel Bolduc is hit by Riley Stillman and loses puck.
12:27 of 3rd period - Shot by Ryan Reaves.
12:27 of 3rd period - Shot Blocked by Calen Addison.
12:30 of 3rd period - Ryan Reaves is hit by Calen Addison and loses puck.
13:22 of 3rd period - Icing by Noah Dobson.
13:23 of 3rd period - Michael Rasmussen wins face-off versus Eric Robinson in Capitals zone.
13:42 of 3rd period - Shot by Michael Rasmussen.
13:42 of 3rd period - Shot Misses the Net.
13:47 of 3rd period - Minor Penalty to Mario Ferraro for Tripping.
13:48 of 3rd period - Pavel Zacha wins face-off versus Casey Mittelstadt in Rangers zone.
14:09 of 3rd period - Shot by Pavel Zacha.
14:09 of 3rd period - Shot Misses the Net.
14:11 of 3rd period - Shot by Ben Hutton.
14:11 of 3rd period - Shot Misses the Net.
14:13 of 3rd period - Shot by Jordan Greenway.
14:13 of 3rd period - Shot Blocked by Caleb Jones.
14:15 of 3rd period - Shot by Pavel Zacha.
14:15 of 3rd period - Stopped by Logan Thompson without a rebound.
14:16 of 3rd period - Elias Pettersson wins face-off versus Casey Mittelstadt in Rangers zone.
14:19 of 3rd period - Shot by Noah Dobson.
14:19 of 3rd period - Stopped by Logan Thompson with a rebound.
15:49 of 3rd period - Minor Penalty to Riley Stillman for Interference.
15:50 of 3rd period - Casey Mittelstadt wins face-off versus Pavel Zacha in Rangers zone.
15:50 of 3rd period - Casey Mittelstadt is hit by Pavel Zacha.
16:06 of 3rd period - Shot by Ben Hutton.
16:06 of 3rd period - Stopped by Logan Thompson with a rebound.
16:48 of 3rd period - Shot by Elias Pettersson.
16:48 of 3rd period - Stopped by Logan Thompson without a rebound.
16:49 of 3rd period - Elias Pettersson wins face-off versus Casey Mittelstadt in Rangers zone.
17:40 of 3rd period - Shot by Kevin Labanc.
17:40 of 3rd period - Shot Misses the Net.
17:42 of 3rd period - Shot by Ben Hutton.
17:42 of 3rd period - Stopped by Logan Thompson with a rebound.
17:44 of 3rd period - Shot by Jordan Greenway.
17:44 of 3rd period - Stopped by Logan Thompson with a rebound.
17:55 of 3rd period - Michael Rasmussen is hit by Riley Stillman and loses puck.
18:30 of 3rd period - Shot by Ryan Lomberg.
18:30 of 3rd period - Stopped by Pyotr Kochetkov without a rebound.
18:31 of 3rd period - Pavel Zacha wins face-off versus Kent Johnson in Capitals zone.
19:45 of 3rd period - Icing by Casey Mittelstadt.
19:46 of 3rd period - Casey Mittelstadt wins face-off versus Michael Rasmussen in Rangers zone.
Goals for this period are 0 for Capitals vs 0 for Rangers.
Shots for this period are 8 for Capitals vs 7 for Rangers.